[Event "Open Jastrzêbie 2019"]
[Site "?"]
[Date "2019.08.12"]
[Round "1.13"]
[White "Tomanec, Samuel"]
[Black "Adamczyk, Piotr"]
[Result "0-1"]
[ECO "B80"]
[WhiteElo "1207"]
[BlackElo "1838"]
[PlyCount "54"]
[TimeControl "240+2"]

{581MB, Shredder10.ctg} 1. e4 c5 2. Nf3 e6 3. d4 cxd4 4. Nxd4 Nf6 5. Nc3 d6 6.
Bb5+ Bd7 7. Bxd7+ Nbxd7 8. Be3 Ne5 9. Bg5 a6 10. O-O Be7 11. Re1 O-O 12. Nf3
Qc7 13. a3 Nc4 14. Rb1 b5 15. Qd3 Rac8 16. Na2 Rfd8 17. Nb4 a5 18. Na2 h6 19.
Bh4 Qb6 20. Qe2 b4 21. axb4 axb4 22. b3 Na3 23. Rb2 g5 24. Bg3 g4 25. Nd2 Qd4
26. e5 dxe5 27. Bxe5 Qxd2 0-1

[Event "Open Jastrzêbie 2019"]
[Site "?"]
[Date "2019.08.12"]
[Round "1.15"]
[White "Piec , Patryk"]
[Black "Radecki, Adam"]
[Result "0-1"]
[ECO "C41"]
[WhiteElo "1095"]
[BlackElo "1792"]
[PlyCount "45"]
[TimeControl "240+2"]

{581MB, Shredder10.ctg} 1. e4 d6 2. d4 Nf6 3. Nc3 Nbd7 4. Nf3
e5 5. d5 Nc5 6. Bd3 a5 7. Be3 Ncd7 8. Qd2 Be7 9. h3 O-O 10. O-O Re8 11. Be2 Nf8
12. Bb5 Bd7 13. Bxd7 Qxd7 14. a4 Ng6 15. b3 Rf8 16. Ne2 Nxe4 17. Qd3 Nf6 18.
Ng3 Rae8 19. c4 b6 20. Rae1 e4 21. Nxe4 Nxe4 22. Qxe4 Bf6 23. Ne5 0-1